 Dungeon Crawl Stone Soup version 0.23-a0-625-g1d2cd9b (console) character file.

15 Duffy the Magician (level 2, -3/22 HPs)
             Began as a Naga Wizard on Dec 24, 2018.
             Slain by a leopard gecko (4 damage)
             ... on level 2 of the Dungeon.
             The game lasted 00:00:47 (687 turns).

Duffy the Magician (Naga Wizard)                     Turns: 687, Time: 00:00:48

Health: -3/22      AC:  1    Str:  9    XL:     2   Next: 50%
Magic:  0/6        EV: 10    Int: 18    God:
Gold:   0          SH:  0    Dex:  9    Spells: 6/7 levels left

rFire    . . .     SeeInvis +   (no weapon)
rCold    . . .     Gourm    .   (no shield)
rNeg     . . .     Faith    .   a - +0 robe
rPois    +         Spirit   .   b - +0 hat
rElec    .         Reflect  .   (no cloak)
rCorr    .         Harm     .   (no gloves)
MR       .....                  (no barding)
Stlth    ++........             (no amulet)
HPRegen  0.07/turn              (no ring)
MPRegen  0.10/turn              (no ring)

@: short of breath, very slow
A: large, see invisible, deformed body, poison resistance, slowness 2, slow
metabolism 1, spit poison 1, AC +0
a: Spit Poison


You were on level 2 of the Dungeon.
You were not hungry.

You visited 1 branch of the dungeon, and saw 2 of its levels.

Inventory:

Armour
 a - a +0 robe (worn)
 b - a +0 hat (worn)
Jewellery
 c - an uncursed ring of poison resistance
Scrolls
 e - a scroll of blinking {unknown}
 g - a scroll of teleportation {unknown}
Potions
 f - a potion of cancellation {unknown}
Comestibles
 d - a ration


   Skills:
 - Level 1.5 Dodging
 - Level 3.0 Stealth
 + Level 3.3 Spellcasting
 + Level 1.8 Conjurations
   Level 1.0 Summonings
   Level 1.0 Translocations


You had 6 spell levels left.
You knew the following spells:

 Your Spells              Type           Power        Failure   Level  Hunger
h - Magic Dart            Conj           #...         8%          1    None

Your spell library contained the following spells:

 Spells                   Type           Power        Failure   Level  Hunger
 Blink                    Tloc           N/A          16%         2    ##.....
 Call Imp                 Summ           #.......     16%         2    ##.....
 Slow                     Hex            #.......     24%         2    ##.....
 Conjure Flame            Conj/Fire      #.......     32%         3    ###....
 Mephitic Cloud           Conj/Pois/Air  #.......     36%         3    ###....


Dungeon Overview and Level Annotations

Branches:
Dungeon (2/15)

Altars:


Innate Abilities, Weirdness & Mutations

You cannot wear boots.
Your serpentine skin is tough. (AC +0)
You have supernaturally acute eyesight. (SInv)
Armour fits poorly on your strangely shaped body.
Your system is resistant to poisons. (rPois)
You cover ground very slowly.
You have a slow metabolism.
You can spit poison.


Message History

Press: ? - help, Shift-Dir - straight line, f/p - leopard gecko
Aim: a leopard gecko (moderately wounded)
The splash of poison hits the adder.
The adder is poisoned.
You kill the adder!
You have reached level 2!
You feel slightly more hungry. The leopard gecko bites you.
Use which ability? (? or * to list)
You can't do that yet.
Unknown command.
Casting: Magic Dart (safe; 8% risk of failure)
Confirm with . or Enter, or press ? or * to list all spells.
Aiming: Magic Dart (safe; 8% risk of failure)
Press: ? - help, Shift-Dir - straight line, f/p - leopard gecko
Aim: a leopard gecko (moderately wounded, clinging)
The magic dart hits the leopard gecko.
The leopard gecko is moderately wounded.
The leopard gecko barely misses you. The leopard gecko bites you.
You die...

####.# #......# #.#
#....# #......# #.#
#.#### ##......# #.#
#.# #.).....# ##.# #<#
#.##.#.## #..# #.##
#.##.#.# #.## ...##
#....#.# #.#
....####..###.#######.#
................l@(...#
....####...#..#########
...## #..###.# #.##
#...#..# ### ###...##
#...# #...# #...# #...#


You could see a leopard gecko.

Vanquished Creatures
  An adder (D:2)
  A goblin (D:1)
  A hobgoblin (D:2)
  2 bats (D:2)
  A frilled lizard (D:1)
  A kobold (D:2)
7 creatures vanquished.

Notes
Turn   | Place    | Note
-------+----------+-------------------------------------------
     0 | D:1      | Duffy the Naga Wizard began the quest for the Orb.
     0 | D:1      | Reached XP level 1. HP: 15/15 MP: 4/4
   684 | D:2      | Reached XP level 2. HP: 2/22 MP: 0/6
   685 | D:2      | HP: 1/22 [leopard gecko (1)]
   687 | D:2      | Slain by a leopard gecko

Vault maps used:
D:1:      saegor_arrival_simple_d
D:2:      chequers_serial_rivers_micro_d, uniq_natasha, uniq_crazy_yiuf_cottage,
          uniq_robin

Action                   || total
-------------------------++-------
 Cast: Magic Dart        ||    15
 Abil: Spit Poison       ||     6
Armor: Robe              ||     7
Dodge: Dodged            ||    16

Table legend:
 A = Non-vault XP
 B = Vault XP
 C = Vault XP percentage of total XP
 D = Non-vault monster count
 E = Vault monster count
 F = Vault count percentage of total count
                 A         B        C        D         E       F
            +---------+---------+-------+---------+---------+-------
      Total |      22 |       0 |   0.0 |       7 |       0 |   0.0
            +---------+---------+-------+---------+---------+-------
        D:1 |       3 |       0 |   0.0 |       2 |       0 |   0.0
        D:2 |      19 |       0 |   0.0 |       5 |       0 |   0.0
            +---------+---------+-------+---------+---------+-------
